 Dungeon Crawl Stone Soup version 0.23.1 (webtiles) character file.

Game seed: 0

3768 Fang the Fighter (level 10, -1/97 HPs)
             Began as a Gargoyle Berserker on Mar 12, 2019.
             Was a High Priest of Trog.
             Slain by Prince Ribbit (10 damage)
             ... on level 8 of the Dungeon.
             The game lasted 00:10:54 (8917 turns).

Fang the Fighter (Gargoyle Berserker)               Turns: 8917, Time: 00:10:55

Health: -1/97      AC: 19    Str: 29    XL:     10   Next: 16%
Magic:  10/10      EV: 11    Int:  8    God:    Trog [*****.]
Gold:   261        SH:  0    Dex:  9    Spells: 9/9 levels left

rFire    . . .     SeeInvis .   b - +5 battleaxe
rCold    . . .     Gourm    .   (shield currently unavailable)
rNeg     + . .     Faith    .   x - +1 chain mail
rPois    ∞         Spirit   .   (no helmet)
rElec    +         Reflect  .   (no cloak)
rCorr    .         Harm     .   (no gloves)
MR       .....                  (no boots)
Stlth    ..........             (no amulet)
HPRegen  0.26/turn              a - ring of stealth
MPRegen  0.12/turn              (no ring)

@: berserking (expiring), very quick
A: negative energy resistance 1, electricity resistance, unbreathing,
petrification resistance, rot immunity, AC +7
a: Berserk, Trog's Hand, Brothers in Arms, Renounce Religion


You were on level 8 of the Dungeon.
You worshipped Trog.
Trog was extremely pleased with you.
You were hungry.

You visited 2 branches of the dungeon, and saw 9 of its levels.
You also visited: Ossuary.

You collected 261 gold pieces.

Inventory:

Hand Weapons
 b - a +5 battleaxe (weapon)
 w - a +0 war axe
Armour
 x - a +1 chain mail (worn)
Jewellery
 a - a ring of stealth (left hand)
Wands
 f - a wand of paralysis (6)
 u - a wand of acid (7)
 v - a wand of random effects (14)
Scrolls
 d - 3 scrolls of magic mapping
 e - 4 scrolls of remove curse
 i - 2 scrolls of enchant armour
 j - 5 scrolls of teleportation
Potions
 g - 4 potions of berserk rage {unknown}
 h - 2 potions of flight {unknown}
 l - 4 potions of brilliance {unknown}
 m - 7 potions of curing
 n - 2 potions of haste
 o - 2 potions of might
 p - a potion of lignification
 r - 4 potions of mutation {unknown}
 s - a potion of cancellation
 t - a potion of heal wounds
Comestibles
 c - 8 rations


   Skills:
 + Level 8.4 Fighting
 + Level 7.0 Axes
 + Level 8.1 Armour
 + Level 6.1 Dodging
 + Level 2.3 Stealth


You had 9 spell levels left.
You didn't know any spells.
Your spell library was empty.

Dungeon Overview and Level Annotations

Branches:
Dungeon (8/15)             Temple (1/1) D:4
   Lair: D:8-11

Altars:
Dithmenos
Elyvilon
Gozag
Kikubaaqudgha
Makhleb
Nemelex Xobeh
Okawaru
Qazlal
Ru
Uskayaw
Vehumet
Wu Jian
Xom
Zin
The Shining One

Shops:
D:4 (

Annotations:
D:8 Prince Ribbit


Innate Abilities, Weirdness & Mutations

You are resistant to torment.
Your stone body is resilient. (AC +7)
You are immune to poison.
You resist negative energy. (rN+)
You are resistant to electric shocks. (rElec)
You can survive without breathing.
You are immune to petrification.
You are immune to rotting.


Message History

You slash Joseph!
You kill Joseph!
Trog accepts your kill.
Your Axes skill increases to level 7!
Your Armour skill increases to level 8!
Your Stealth skill increases to level 2!
You miss Prince Ribbit.
Prince Ribbit lets out a mournful croak.
Prince Ribbit closely misses you.
You slash Prince Ribbit!
Prince Ribbit is almost dead.
Prince Ribbit barely misses you.
Your chain mail prevents you from hitting Prince Ribbit.
Prince Ribbit is almost dead.
You closely miss the phantom.
Prince Ribbit mumbles some strange words.
Prince Ribbit looks slightly unstable.
The phantom barely misses you.
You miss Prince Ribbit.
Prince Ribbit is almost dead.
You slash the phantom! Prince Ribbit hits you!
You die...

....... .......
....... #######
>......##........
......#........
.............
..####W.F........
#..<..)@........
#......(....#.######
#.######(...........
##(.#........ #.#
#........<... ..
#!#(.........
#.#..#).........
#...##..)(......
#..####)#...#...


You could see Prince Ribbit and a phantom.

Vanquished Creatures
  Joseph (D:8)
  A wyvern (D:5)
  Edmund (D:6)
  Duvessa (D:4)
  An ice beast (D:5)
  A black bear (D:6)
  2 phantoms
  4 centaurs
  2 ogres (D:7)
  Blork the orc (D:4)
  A big kobold (D:7)
  Dowan (D:4)
  3 scorpions
  5 wights (D:6)
  6 howler monkeys
  A crimson imp (D:6)
  3 centaur zombies (Ossuary)
  2 human zombies (Ossuary)
  2 jellies
  6 hounds
  2 orc priests
  3 iguanas
  Natasha (thrice) (D:2)
  5 orc wizards
  5 worker ants
  A killer bee zombie (D:5)
  A hound skeleton (D:4)
  4 mummies (Ossuary)
  A worker ant zombie (D:3)
  Robin (D:2)
  7 gnolls
  16 adders
  6 oozes
  3 adder skeletons
  4 worms
  5 dart slugs
  3 leopard geckos
  29 orcs
  9 bats
  8 giant cockroaches
  17 goblins
  13 hobgoblins
  13 jackals
  10 kobolds
  4 ball pythons
  2 frilled lizards
  A hobgoblin zombie (Ossuary)
  A kobold zombie (Ossuary)
  An orc zombie (Ossuary)
  A quokka zombie (D:4)
  5 rats (D:3)
  A rat zombie (D:4)
230 creatures vanquished.

Notes
Turn   | Place    | Note
-------+----------+-------------------------------------------
     0 | D:1      | Fang the Gargoyle Berserker began the quest for the Orb.
     0 | D:1      | Reached XP level 1. HP: 14/14 MP: 1/1
    50 | D:1      | Reached XP level 2. HP: 12/19 MP: 2/2
   330 | D:1      | Reached XP level 3. HP: 17/23 MP: 3/3
   852 | D:2      | Reached XP level 4. HP: 28/29 MP: 4/4
   860 | D:2      | Reached ** piety under Trog
  1226 | D:2      | Noticed Natasha
  1235 | D:2      | Killed Natasha
  1235 | D:2      | Reached XP level 5. HP: 11/33 MP: 5/5
  1707 | D:2      | Noticed Natasha
  1724 | D:2      | Killed Natasha
  1931 | D:2      | Noticed Natasha
  1940 | D:2      | Killed Natasha
  1940 | D:2      | Reached XP level 6. HP: 33/39 MP: 6/6
  1995 | D:2      | Noticed Robin
  2002 | D:2      | Reached *** piety under Trog
  2012 | D:2      | Killed Robin
  2580 | D:3      | Found a shadowy altar of Dithmenos.
  2588 | D:3      | Reached **** piety under Trog
  2842 | D:3      | Found an ancient bone altar of Kikubaaqudgha.
  2845 | D:3      | Found an opulent altar of Gozag.
  2848 | D:3      | Found a hide-covered altar of Uskayaw.
  3340 | D:4      | Found Dail's Antique Weapon Shoppe.
  3352 | D:4      | Reached skill level 5 in Fighting
  3352 | D:4      | Reached XP level 7. HP: 10/44 MP: 7/7
  3681 | D:4      | Found a sand-covered staircase.
  3699 | Ossuary  | Entered an ossuary
  4244 | Ossuary  | Reached skill level 5 in Armour
  4277 | D:4      | Noticed Dowan
  4278 | D:4      | Noticed Duvessa
  4299 | D:4      | Killed Dowan
  4301 | D:4      | Killed Duvessa
  4301 | D:4      | Reached XP level 8. HP: 5/51 MP: 8/8
  4630 | D:4      | Found a sparkling altar of Nemelex Xobeh.
  4639 | D:4      | Found a sacrificial altar of Ru.
  4719 | D:4      | Found a staircase to the Ecumenical Temple.
  4887 | D:4      | Noticed Blork the orc
  4900 | D:4      | Killed Blork the orc
  5116 | D:4      | Reached skill level 5 in Axes
  5380 | Temple   | Entered the Ecumenical Temple
  5435 | D:5      | Entered Level 5 of the Dungeon
  5676 | D:5      | Found a radiant altar of Vehumet.
  5680 | D:5      | Found an ornate altar of the Wu Jian Council.
  5951 | D:5      | Noticed a wyvern
  5961 | D:5      | Killed a wyvern
  6721 | D:6      | Reached XP level 9. HP: 35/56 MP: 9/9
  6767 | D:6      | Noticed Edmund
  6785 | D:6      | Killed Edmund
  6785 | D:6      | Reached skill level 5 in Dodging
  6882 | D:6      | Reached ***** piety under Trog
  7340 | D:6      | Found a shimmering altar of Xom.
  7674 | D:6      | Found an iron altar of Okawaru.
  8271 | D:7      | Found a glowing silver altar of Zin.
  8271 | D:7      | Found a glowing golden altar of the Shining One.
  8274 | D:7      | Found a white marble altar of Elyvilon.
  8673 | D:8      | Reached skill level 1 in Stealth
  8676 | D:8      | Reached XP level 10. HP: 38/64 MP: 10/10
  8901 | D:8      | Noticed Joseph
  8902 | D:8      | Noticed Prince Ribbit
  8914 | D:8      | Killed Joseph
  8917 | D:8      | Slain by Prince Ribbit

Skill      XL: |  1  2  3  4  5  6  7  8  9 10 |
---------------+-------------------------------+-----
Axes           | 3 4 5 6 7 |  7.0
Dodging        | 2 3 4 5 6 |  6.1
Armour         | 3 4 5 6 7 8 |  8.1
Fighting       | 4 5 6 8 |  8.4
Stealth        | 1 2 |  2.3

Action                   |  1- 3 |  4- 6 |  7- 9 | 10-12 || total
-------------------------+-------+-------+-------+-------++-------
Melee: Hand axe          |    74 |   272 |   371 |       ||   717
       Battleaxe         |       |       |   103 |    18 ||   121
Invok: Berserk           |       |     5 |    12 |     1 ||    18
  Use: Scroll            |       |       |    15 |       ||    15
 Stab: Sleeping          |       |     1 |     1 |       ||     2
  Eat: Chunk             |       |    13 |    21 |     2 ||    36
       Ration            |       |       |     2 |       ||     2
Armor: Animal skin       |    24 |   138 |   106 |       ||   268
       Chain mail        |       |       |   141 |    12 ||   153
Dodge: Dodged            |    47 |   252 |   322 |    15 ||   636
